 Dungeon Crawl Stone Soup version 0.25-a0-937-gcfae464cf3 (webtiles) character file.

Game seed: 9174268886079455149, levelgen mode: deterministic

506 wullow the Magician (level 6, -7/46 HPs)
             Began as a Demonspawn Venom Mage on May 4, 2020.
             Mangled by an iguana (11 damage)
             ... on level 4 of the Dungeon.
             The game lasted 00:16:45 (5057 turns).

wullow the Magician (Demonspawn Venom Mage)         Turns: 5057, Time: 00:16:46

Health: -7/46      AC:  3    Str: 10    XL:     6   Next: 97%
Magic:  0/12       EV: 12    Int: 16    God:
Gold:   169        SH:  0    Dex: 14    Spells: 4/13 levels left

rFire    . . .     SeeInvis .   b - +0 dagger
rCold    . . .     Gourm    .   (no shield)
rNeg     . . .     Faith    .   a - +1 robe
rPois    .         Spirit   +   (helmet restricted)
rElec    .         Reflect  .   (no cloak)
rCorr    .         Harm     .   (no gloves)
MR       .....                  (no boots)
Stlth    +++.......             o - amulet of inaccuracy (curse)
HPRegen  0.15/turn              v - ring of stealth
MPRegen  0.13/turn              (no ring)

@: no status effects
A: antennae 1, powered by death 1, magic shield
a: no special abilities


You were on level 4 of the Dungeon.
You were not hungry.

You visited 1 branch of the dungeon, and saw 4 of its levels.

You collected 169 gold pieces.

Inventory:

Hand Weapons
 b - a +0 dagger (weapon)
 k - a +0 dagger of pain
 r - a +0 dagger of draining
 u - a +0 hunting sling
Missiles
 e - 87 stones (quivered)
 h - 58 bolts
 l - 28 arrows
 p - 14 poisoned darts
 t - 21 sling bullets
Armour
 a - a +1 robe (worn)
Jewellery
 o - a cursed amulet of inaccuracy (around neck)
 v - a ring of stealth (left hand)
Wands
 n - a wand of paralysis (11)
Scrolls
 g - 4 scrolls of teleportation
 m - 2 scrolls of magic mapping
 q - a scroll of enchant armour
Potions
 d - a potion of curing
 f - a potion of resistance
 j - a potion of haste {unknown}
 s - a potion of flight {unknown}
 w - a potion of stabbing {unknown}
Comestibles
 c - 8 rations
 i - a chunk of flesh


   Skills:
 + Level 2.4 Fighting
 - Level 1.7 Dodging
 - Level 1.7 Stealth
 * Level 4.4 Spellcasting
 * Level 2.0 Conjurations
 * Level 2.0 Transmutations
 - Level 2.0 Fire Magic
 - Level 1.0 Air Magic
 + Level 4.0 Poison Magic


You had 4 spell levels left.
You knew the following spells:

 Your Spells              Type           Power        Failure   Level  Hunger
a - Sting                 Tmut/Pois      ##..         4%          1    None
b - Poisonous Vapours     Pois/Air       ##....       9%          2    ##.....
c - Mephitic Cloud        Conj/Pois/Air  ##......     19%         3    ###....
d - Ignite Poison         Fire/Tmut/Pois ##......     16%         3    ###....

Your spell library contained the following spells:

 Spells                   Type           Power        Failure   Level  Hunger
 Olgreb's Toxic Radiance  Pois           ###.....     30%         4    ####...


Dungeon Overview and Level Annotations

Branches:
Dungeon (4/15)
 Temple: D:4-7

Altars:
Gozag
Trog

Shops:
D:4 [


Innate Abilities, Weirdness & Mutations

You have a pair of small antennae on your head.
You regenerate a little health from kills.
When hurt, damage is shared between your health and your magic reserves.


Message History

Unknown command.
You hit the iguana but do no damage.
The iguana is heavily wounded.
The iguana bites you.
* * * LOW HITPOINT WARNING * * *
You hit the iguana but do no damage.
The iguana is heavily wounded.
The iguana bites you.
* * * LOW HITPOINT WARNING * * *
You barely miss the iguana.
The iguana is heavily wounded.
The iguana barely misses you.
Casting: Sting (safe; 4% risk of failure)
Confirm with . or Enter, or press ? or * to list all spells.
You don't have enough magic to cast that spell.
Unknown command.
You hit the iguana.
The iguana is heavily wounded.
The iguana bites you!
You die...

#...#5..###### #..#
#).....w.# #.
#...#.####.#
#........##.#
#.####.#.#.wa%S.#.#
#. #.#.#......wa. .
#.#.#......#.# .
#.#.#......... .#
#.#@#......#.#
#l####...... #)#
.##### #?## #..#
##.# #.# #.†..ggg.
#).†..g.#


You could see an iguana.

Vanquished Creatures
  A hippogriff (D:4)
  An ogre (D:4)
  3 orc wizards (D:3)
  An orc priest (D:4)
  5 adders
  An adder zombie (D:4)
  A worm (D:3)
  3 dart slugs
  3 leopard geckos
  3 orcs
  4 giant cockroaches
  14 goblins
  7 hobgoblins
  2 quokkas
  A ball python (D:3)
  10 bats
  4 frilled lizards
  8 kobolds
  4 rats
76 creatures vanquished.

Notes
Turn   | Place    | Note
-------+----------+-------------------------------------------
     0 | D:1      | wullow the Demonspawn Venom Mage began the quest for the
                  | Orb.
     0 | D:1      | Reached XP level 1. HP: 13/13 MP: 3/3
    53 | D:1      | Reached skill level 1 in Transmutations
   708 | D:1      | Gained mutation: When hurt, damage is shared between your
                  | health and your magic reserves. [demonic ancestry]
   708 | D:1      | Reached XP level 2. HP: 20/20 MP: 0/5
   712 | D:1      | Learned a level 2 spell: Poisonous Vapours
  1663 | D:2      | Gained mutation: You regenerate a little health from kills.
                  | [demonic ancestry]
  1663 | D:2      | Reached XP level 3. HP: 24/25 MP: 1/6
  1772 | D:2      | Learned a level 3 spell: Mephitic Cloud
  1930 | D:2      | Reached skill level 1 in Air Magic
  2102 | D:2      | Reached skill level 1 in Fighting
  2401 | D:3      | Reached XP level 4. HP: 32/32 MP: 0/8
  2476 | D:3      | Reached skill level 1 in Conjurations
  2612 | D:3      | Found a bloodstained altar of Trog.
  3016 | D:3      | Reached XP level 5. HP: 37/37 MP: 6/9
  3027 | D:3      | Learned a level 3 spell: Ignite Poison
  3622 | D:4      | Found Jokom's Armour Emporium.
  3622 | D:4      | Noticed a phantom
  3844 | D:4      | Found an opulent altar of Gozag.
  3897 | D:3      | Reached skill level 1 in Fire Magic
  4192 | D:4      | Noticed an ogre
  4240 | D:4      | Killed an ogre
  4240 | D:4      | Gained mutation: You have a pair of small antennae on your
                  | head. [demonic ancestry]
  4240 | D:4      | Reached XP level 6. HP: 43/44 MP: 0/11
  4344 | D:4      | Noticed a hippogriff
  4357 | D:4      | HP: 2/44 [hippogriff (4)]
  4366 | D:4      | Killed a hippogriff
  5057 | D:4      | Mangled by an iguana

Levels and vault maps discovered:
D:1:      eino_arrival_cavern_c, layout_basic
D:2:      layout_rooms, kennysheep_cluttered_room, hangedman_decor_opposing,
          kennysheep_generic_room_14
D:3:      layout_basic, bloody_trog
D:4:      layout_rooms, temple_statues, serial_glass, glass_columns_c,
          glass_columns_b, glass_columns_a, glass_columns_b, glass_columns_b,
          glass_columns_a, serial_shops,
          nicolae_shop_competitors_out_of_business, grunt_gozag_statues,
          uniq_robin

Skill      XL: |  1  2  3  4  5  6 |
---------------+-------------------+-----
Transmutations | 1 2 |  2.0
Air Magic      | 1 |  1.0
Fighting       | 1 2 |  2.4
Spellcasting   | 3 4 |  4.4
Conjurations   | 1 2 |  2.0
Fire Magic     | 1 2 |  2.0
Poison Magic   | 4 |  4.0
Dodging        | |  1.7
Stealth        | |  1.7

Action                   |  1- 3 |  4- 6 || total
-------------------------+-------+-------++-------
Melee: Unarmed           |    13 |       ||    13
       Dagger            |    56 |   164 ||   220
Throw: Stone             |       |     3 ||     3
 Cast: Sting             |    61 |    43 ||   104
       Poisonous Vapours |     3 |    39 ||    42
       Mephitic Cloud    |       |     3 ||     3
       Ignite Poison     |       |     2 ||     2
  Use: Scroll            |     7 |     1 ||     8
       Potion            |       |     1 ||     1
  Eat: Chunk             |     5 |     9 ||    14
       Ration            |       |     1 ||     1
Armor: Robe              |    30 |    49 ||    79
       Skin              |       |    11 ||    11
Dodge: Dodged            |    78 |   114 ||   192

Table legend:
 A = Non-vault XP
 B = Vault XP
 C = Vault XP percentage of total XP
 D = Non-vault monster count
 E = Vault monster count
 F = Vault count percentage of total count
                 A         B        C        D         E       F
            +---------+---------+-------+---------+---------+-------
      Total |     699 |      24 |   3.3 |      63 |      13 |  17.1
            +---------+---------+-------+---------+---------+-------
        D:1 |      29 |       0 |   0.0 |      16 |       0 |   0.0
        D:2 |      36 |       2 |   5.3 |      13 |       2 |  13.3
        D:3 |     181 |       0 |   0.0 |      25 |       0 |   0.0
        D:4 |     453 |      22 |   4.6 |       9 |      11 |  55.0
            +---------+---------+-------+---------+---------+-------
